 Dungeon Crawl Stone Soup version 0.18.1-48-g4cf74bf (webtiles) character file.

3556 Heedrag the Destroyer (level 9, -3/45 HPs)
             Began as a Deep Elf Conjurer on July 27, 2016.
             Was a Follower of Vehumet.
             Slain by a two-headed hydra (12 damage)
             ... on level 7 of the Dungeon.
             The game lasted 00:23:56 (9503 turns).

Heedrag the Destroyer (Deep Elf Conjurer)           Turns: 9503, Time: 00:23:58

Health: -3/45      AC:  5    Str:  8    XL:     9   Next: 83%
Magic:  17/24      EV: 12    Int: 21    God:    Vehumet [*.....]
Gold:   450        SH:  5    Dex: 15    Spells: 4 memorised, 14 levels left

rFire  . . .     SeeInvis .     z - +2 dagger (venom)
rCold  + . .     Gourm    .     a - +0 robe
rNeg   . . .     Faith    .     B - +0 buckler
rPois  .         Spirit   .     (no helmet)
rElec  .         Dismiss  .     E - +0 cloak
rCorr  .         Reflect  .     (no gloves)
SustAt .         Harm     .     (no boots)
MR     .....                    (no amulet)
Stlth  ++........               n - +2 ring of protection
                                m - ring of protection from cold

@: not resistant to hostile enchantments, unstealthy
A: regeneration 1
a: Renounce Religion


You were on level 7 of the Dungeon.
You worshipped Vehumet.
Vehumet was aware of your devotion.
You were not hungry.

You visited 2 branches of the dungeon, and saw 9 of its levels.
You also visited: Bailey.

You collected 450 gold pieces.

Inventory:

Hand Weapons
 z - a +2 dagger of venom (weapon)
 D - a +4 quarterstaff of chaos
Armour
 a - a +0 robe (worn)
 B - a +0 buckler (worn)
 E - a +0 cloak (worn)
Jewellery
 m - a ring of protection from cold (left hand)
 n - a +2 ring of protection (right hand)
Wands
 v - a wand of iceblast (6/15)
 C - a wand of digging (14/24)
Scrolls
 d - 14 scrolls of identify {unknown}
 e - a scroll of magic mapping {unknown}
 f - 5 scrolls of teleportation {unknown}
 i - a scroll of acquirement {unknown}
 o - 3 scrolls of blinking {unknown}
 p - 4 scrolls of remove curse {unknown}
 u - 2 scrolls of immolation {unknown}
 w - 4 scrolls of amnesia {unknown}
 y - 3 scrolls of enchant weapon {unknown}
 A - 3 scrolls of noise {unknown}
 G - a scroll of silence {unknown}
Potions
 h - a potion of magic {unknown}
 k - a potion of heal wounds {unknown}
 l - a potion of flight {unknown}
 r - 5 potions of curing {unknown}
 s - 3 potions of degeneration {unknown}
 t - 2 potions of ambrosia {unknown}
 x - a potion of haste {unknown}
 F - a potion of agility {unknown}
 K - a potion of cure mutation {unknown}
Books
 b - a book of Conjurations

   Spells                             Type                      Level
   a - Magic Dart                     Conjuration                  1
   b - Searing Ray                    Conjuration                  2
   c - Dazzling Spray                 Conjuration/Hexes            3
   d - Fulminant Prism                Conjuration/Hexes            4
   e - Iskenderun's Mystic Blast      Conjuration                  4
   f - Iskenderun's Battlesphere      Conjuration/Charms           5
 H - a book of the Tempests

   Spells                             Type                      Level
   a - Static Discharge               Conjuration/Air              3
   b - Lightning Bolt                 Conjuration/Air              5
   c - Fireball                       Conjuration/Fire             5
   d - Tornado                        Air                          9
   e - Shatter                        Earth                        9
Comestibles
 c - 2 bread rations
 g - 3 meat rations
 j - a royal jelly
 q - 17 fruits
 I - 7 slices of pizza
 J - 6 chunks of flesh


   Skills:
 - Level 2.4 Dodging
 - Level 2.4 Stealth
 + Level 3.2 Shields
 + Level 9.5 Spellcasting
 * Level 11.4 Conjurations
 + Level 8.6 Charms


You had 14 spell levels left.
You knew the following spells:

 Your Spells              Type           Power        Failure   Level  Hunger
a - Magic Dart            Conj           ####         1%          1    None
b - Dazzling Spray        Conj/Hex       ####..       1%          3    None
c - Iskenderun's Mystic   Conj           ######..     1%          4    ##.....
d - Iskenderun's Battles  Conj/Chrm      ######..     4%          5    ####...


Dungeon Overview and Level Annotations

Branches:
Dungeon (8/15)             Temple (1/1) D:5
   Lair: D:8-11

Altars:
Ashenzari
Cheibriados
Dithmenos
Elyvilon
Fedhas
Gozag
Kikubaaqudgha
Nemelex Xobeh
Okawaru
Pakellas
Qazlal
Ru
Sif Muna
Trog
Vehumet
Xom
Yredelemnul
Zin
The Shining One


Innate Abilities, Weirdness & Mutations

Your natural rate of healing is unusually fast.


Message History

Aim: a two-headed hydra (lightly wounded) Tha magic dart hits tha two-headed hydra.
Tha two-headed hydra be lightly wounded.
Yer battlesphere fires!
Tha barrage o' energy hits tha two-headed hydra.
Tha two-headed hydra be moderately wounded.
Tha two-headed hydra misses ye.
Tha two-headed hydra bites ye!
* * * LOW HITPOINT WARNIN'
* * * Castin': Magic Dart Confirm wit' . or Enter, or press ? or * ta list all spells.
Aimin': Magic Dart
Press: ? - help, Shift-Dir - straight line, f/p - two-headed hydra
Aim: a two-headed hydra (moderately wounded) Tha magic dart hits tha two-headed hydra.
Tha two-headed hydra be moderately wounded.
Yer battlesphere fires!
Tha barrage o' energy hits tha two-headed hydra.
Tha two-headed hydra be heavily wounded.
Tha two-headed hydra barely misses ye.
Tha two-headed hydra bites ye!
Ye die...

.........# #...........#
......)..####..############
.....)∩)..................#
......)...####..#########.#
..........# #.......# #.#
(.........# #.#*.##.# #.#
#.........###.##.##.#####.#
#####.).......##.##.......#
#####.######@D........#
##(### ##########.# #....#
#....# #.# ####.# #.##.#
#.# #.####.##.# #.#
#.........# #.#
########.######.#
#........# ##########


You could see a two-headed hydra and a friendly battlesphere.

Vanquished Creatures
  Grinder (D:4)
  Sigmund (D:4)
  2 yaks (D:8)
  Eustachio (D:4)
  A water moccasin (D:7)
  A sky beast (D:6)
  An orc warrior (D:6)
  The ghost of vishdafish the Ruffian, an amateur TrMo (D:4)
  2 phantoms
  A necrophage (D:7)
  2 ogres
  A centaur (D:4)
  2 giant frogs (D:6)
  2 big kobolds (D:8)
  2 scorpions
  A wyvern skeleton (D:7)
  8 howler monkeys
  5 crimson imps
  3 orc priests
  6 orc wizards
  Crazy Yiuf (D:5)
  A centaur skeleton (D:7)
  3 hounds
  Ijyb (D:2)
  An iguana (D:4)
  8 worker ants
  2 sheep (D:8)
  2 worker ant zombies
  A gnoll (Bailey)
  10 adders
  A shadow imp (D:7)
  4 oozes
  2 adder skeletons (D:4)
  3 worms
  3 dart slugs
  4 giant geckos
  37 orcs
  6 giant cockroaches
  5 goblins
  4 hobgoblins
  5 jackals (D:1)
  4 kobolds
  3 quokkas
  2 ball pythons
  7 bats
  A giant gecko skeleton (D:5)
  2 giant newts
  A quokka skeleton (D:6)
  8 rats
176 creatures vanquished.

Vanquished Creatures (others)
  A gnoll (Bailey)
1 creature vanquished.

Grand Total: 177 creatures vanquished

Notes
Turn   | Place    | Note
--------------------------------------------------------------
     0 | D:1      | Heedrag the Deep Elf Conjurer began the quest for the Orb.
     0 | D:1      | Reached XP level 1. HP: 10/10 MP: 6/6
   355 | D:1      | Reached XP level 2. HP: 15/15 MP: 2/8
   764 | D:1      | Reached skill level 5 in Conjurations
  1169 | D:2      | Reached XP level 3. HP: 18/19 MP: 3/10
  1179 | D:2      | Learned a level 3 spell: Dazzling Spray
  1179 | D:2      | Noticed Ijyb
  1319 | D:2      | Killed Ijyb
  1339 | D:2      | Reached XP level 4. HP: 6/24 MP: 3/12
  1881 | D:2      | Reached skill level 6 in Conjurations
  1899 | D:2      | Found a stormy altar of Qazlal.
  2318 | D:3      | Reached XP level 5. HP: 27/28 MP: 9/14
  2432 | D:3      | Reached skill level 5 in Spellcasting
  2562 | D:3      | You fall through a shaft for 3 floors!
  2579 | D:6      | Reached skill level 7 in Conjurations
  2579 | D:6      | Reached XP level 6. HP: 25/32 MP: 6/16
  2585 | D:6      | Learned a level 4 spell: Iskenderun's Mystic Blast
  2591 | D:6      | Learned a level 5 spell: Iskenderun's Battlesphere
  2600 | D:6      | Found a glowing golden altar of the Shining One.
  2661 | D:6      | Noticed a sky beast
  2756 | D:6      | Reached skill level 1 in Charms
  2798 | D:6      | Noticed an orc warrior
  2805 | D:5      | Entered Level 5 of the Dungeon
  3900 | D:4      | Noticed Eustachio
  3994 | D:4      | Noticed vishdafish's ghost (amateur TrMo)
  4024 | D:3      | Reached XP level 7. HP: 14/36 MP: 6/18
  4514 | D:4      | Noticed Sigmund
  4518 | D:4      | Killed Sigmund
  4518 | D:4      | Reached skill level 8 in Conjurations
  4597 | D:4      | Killed vishdafish's ghost
  4739 | D:4      | Noticed Grinder
  4750 | D:4      | Killed Grinder
  4750 | D:4      | Reached skill level 5 in Charms
  4750 | D:4      | Reached XP level 8. HP: 28/41 MP: 5/20
  5048 | D:4      | Reached skill level 9 in Conjurations
  5750 | D:4      | Killed Eustachio
  5817 | D:5      | Found a staircase to the Ecumenical Temple.
  5834 | Temple   | Entered the Ecumenical Temple
  5845 | Temple   | Became a worshipper of Vehumet
  6684 | D:5      | Noticed Crazy Yiuf
  6701 | D:5      | Killed Crazy Yiuf
  6843 | D:6      | Reached skill level 1 in Shields
  6970 | D:6      | Reached skill level 10 in Conjurations
  6978 | D:6      | Gained mutation: Your natural rate of healing is unusually fast. [mutagenic meat]
  7174 | D:6      | Reached * piety under Vehumet
  7174 | D:6      | Offered knowledge of Sandblast by Vehumet.
  7213 | D:6      | Reached XP level 9. HP: 38/45 MP: 14/23
  7863 | D:7      | Found a flagged portal.
  7874 | Bailey   | Entered a bailey
  7879 | Bailey   | Noticed Elystan's ghost (novice HEWz)
  8510 | D:6      | Reached skill level 11 in Conjurations
  9208 | D:8      | Found a deep blue altar of Sif Muna.
  9484 | D:8      | Noticed a two-headed hydra
  9503 | D:7      | Slain by a two-headed hydra

Skill      XL: |  1  2  3  4  5  6  7  8  9 |
---------------+----------------------------+-----
Conjurations   | 5 6 7 8 10 11 | 11.4
Spellcasting   | 4 5 6 7 8 9 |  9.5
Charms         | 2 5 7 8 |  8.6
Shields        | 1 3 |  3.2
Dodging        | |  2.4
Stealth        | |  2.4

Action                   |  1- 3 |  4- 6 |  7- 9 || total
-------------------------+-------+-------+-------++-------
Melee: Short sword       |     6 |     1 |       ||     7
       Dagger            |       |     9 |    27 ||    36
 Cast: Magic Dart        |    65 |   164 |   272 ||   501
       Dazzling Spray    |       |     9 |     6 ||    15
       Iskenderun's Batt |       |       |    34 ||    34
  Use: Potion            |     2 |       |       ||     2
 Stab: Invisible         |       |     1 |       ||     1
       Sleeping          |       |       |     1 ||     1
  Eat: Chunk             |     1 |     9 |    18 ||    28
       Pizza             |       |       |     1 ||     1
       Meat ration       |       |       |     1 ||     1
       Beef jerky        |       |       |     1 ||     1
Armor: Robe              |     1 |     6 |    15 ||    22
Dodge: Dodged            |    15 |    20 |    52 ||    87
Block: Buckler           |       |       |    13 ||    13
